 Dungeon Crawl Stone Soup version 0.30-a0-629-gd54f4be4f7 (webtiles) character file.

Game seed: 7221415900383795471

30 IdlyInterested the Chopper (level 3, -6/27 HPs)
             Began as a Demonspawn Gladiator on Jan 12, 2023.
             Mangled by a gnoll
             ... wielding a +0 halberd
              (11 damage)
             ... on level 2 of the Dungeon.
             The game lasted 00:03:33 (1157 turns).

IdlyInterested the Chopper (Demonspawn Gladiator)   Turns: 1157, Time: 00:03:34

Health: -6/27      AC:  9    Str: 16    XL:     3   Next: 5%
Magic:  3/3        EV:  7    Int:  9    God:
Gold:   92         SH:  0    Dex: 14    Spells: 2/2 levels left

rFire   . . .      SeeInvis .    a - +0 war axe
rCold   . . .      Faith    .    (no shield)
rNeg    . . .      Spirit   .    i - +0 chain mail
rPois   .          Reflect  .    c - +0 helmet
rElec   .          Harm     .    (no cloak)
rCorr   .          Rampage  .    (no gloves)
Will    .....                    (no boots) Stlth
                                 (no amulet)
HPRegen 0.24/turn                (no ring)
MPRegen 0.08/turn                (no ring)

@: no status effects
A: claws 1, demonic magic 1
a: no special abilities


You were on level 2 of the Dungeon.
You visited 1 branch of the dungeon, and saw 2 of its levels.

You collected 92 gold pieces.

Inventory:

Hand Weapons
 a - a +0 war axe (weapon)
 b - a +0 whip of electrocution
Missiles
 d - 3 throwing nets
 e - a javelin
 h - 17 stones (quivered)
 j - 4 poisoned darts
Armour
 c - a +0 helmet (worn)
 i - a +0 chain mail (worn)
Scrolls
 f - a scroll of teleportation {unknown}
Potions
 g - 4 potions of heal wounds
 k - a potion of curing {unknown}
 l - a potion of attraction {unknown}


   Skills:
 - Level 2.0 Fighting
 + Level 3.5 Axes
 - Level 2.0 Throwing
 - Level 2.6 Dodging
 * Level 1.0 Stealth


You had 2 spell levels left.
You didn't know any spells.
Your spell library contained the following spells:

 Spells                   Type           Power      Damage    Failure   Level
 Necrotise                Necr           0%         1d4       100%        1
 Cigotuvi's Dreadful Rot  Necr/Pois/Air  0%         N/A       100%        2
 Poisonous Vapours        Pois/Air       0%         N/A       100%        2
 Mephitic Cloud           Conj/Pois/Air  0%         N/A       100%        3
 Vampiric Draining        Necr           0%         2d6       100%        3
 Agony                    Necr           0%         N/A       100%        5


Dungeon Overview and Level Annotations

Branches:
Dungeon (2/15)

Altars:


Innate Abilities, Weirdness & Mutations

You have sharp fingernails.
Spells you cast may paralyse adjacent enemies.


Message History

You feel stronger. x2; Your demonic ancestry asserts itself...
A menacing aura infuses your magic.
You now have 78 gold pieces (gained 8).
You see here a +0 robe.
There is an open door here.
k - a fizzy yellow potion
Found 2 potions of heal wounds and 14 gold pieces.
h - 17 stones (gained 5)
You now have 92 gold pieces (gained 14).
g - 4 potions of heal wounds (gained 2)
Okay, then.
You open the door.
There is an open door here.
As you open the door, it creaks loudly!
There is an open door here.
l - a sedimented golden potion A goblin comes into view.
It is wielding a +0 dagger.
A gnoll comes into view. It is wielding a +0 spear.
Found a fizzy yellow potion and 10 gold pieces.
The gnoll shouts!
A gnoll comes into view. It is wielding a +0 halberd.
A worm comes into view.
You barely miss the goblin.
The goblin hits you but does no damage. x2
You hit the goblin.
The goblin is severely wounded.
The gnoll hits you from afar with a +0 spear!
The goblin hits you but does no damage.
You hit the goblin.
You kill the goblin!
The gnoll hits you from afar with a +0 spear.
A gnoll comes into view. It is wielding a +3 whip.
The gnoll shouts!
The gnoll hits you but does no damage. x2
You see here a +0 dagger.
You slash the gnoll!
The gnoll is severely wounded.
You barely miss the gnoll. The gnoll hits you with a +0 halberd!
* * * LOW HITPOINT WARNING * * *
The gnoll hits you but does no damage. The gnoll hits you with a +0 halberd!
You die...

........ #########
#...P...# #P..P...#
# #.......#.#
##########.# ###
##..........#
.....##..###......#
.....w.@.# #.....###
.......gg# #........
..$...!..###........
.........+..........
.......g.#.#####.###
#.###....#.#...#.#.
### #
#....#.#...#.#.. #'.
#....#.#.P. .#.. ##.
#.###.#.#. #..


You could see a worm and 3 gnolls.

Vanquished Creatures
  3 endoplasms
  A giant cockroach (D:1)
  3 goblins
  3 hobgoblins
  3 jackals (D:1)
  A quokka (D:1)
  A ball python (D:1)
  4 bats (D:1)
  3 frilled lizards (D:1)
  3 kobolds (D:1)
  3 rats
28 creatures vanquished.

Notes
Turn   | Place    | Note
-------+----------+-------------------------------------------
     0 | D:1      | IdlyInterested the Demonspawn Gladiator began the quest for
                  | the Orb.
     0 | D:1      | Reached XP level 1. HP: 16/16 MP: 1/1
   128 | D:1      | Reached skill level 3 in Axes
   132 | D:1      | Gained mutation: You have sharp fingernails. [demonic
                  | ancestry]
   132 | D:1      | Reached XP level 2. HP: 11/22 MP: 2/2
   843 | D:2      | Reached skill level 1 in Stealth
   995 | D:2      | Found a faded altar of an unknown god.
  1070 | D:2      | Gained mutation: Spells you cast may paralyse adjacent
                  | enemies. [demonic ancestry]
  1070 | D:2      | Reached XP level 3. HP: 27/27 MP: 3/3
  1157 | D:2      | Mangled by a gnoll

Illustrated notes

Levels and vault maps discovered:
D:1:      minmay_arrival_four_loops, layout_basic, bh_walls_and_bars
D:2:      layout_basic, shapermc_ecumenical_altar_mp_vishouse, basic_altar,
          serial_shops, nicolae_shop_crystal, serial_aquarium,
          aquarium_bridge_square [aquarium_subvault_balcony,
          aquarium_subvault_wall, aquarium_subvault_wall,
          aquarium_subvault_bridge], aquarium_window_fake,
          aquarium_window_double, aquarium_window_corridor_3,
          aquarium_window_fake, aquarium_view_2g

Skill      XL: |  1  2 |
---------------+-------+-----
Axes           | 3 |  3.5
Throwing       | 2 |  2.0
Stealth        | 1 |  1.0
Fighting       | |  2.0
Dodging        | |  2.6

Action                   || total
-------------------------++-------
Melee: War axe           ||    66
  Use: Scroll            ||     1
Armor: Leather armour    ||    17
       Chain mail        ||    26
Dodge: Dodged            ||    58

Table legend: (Time is in decaauts)
 A = Elapsed time spent in this place.
 B = Non-inter-level travel time spent in this place.
 C = Inter-level travel time spent in this place.
 D = Time resting spent in this place.
 E = Time spent auto-exploring this place.
 F = Levels seen in this place.
 G = Mean time per level.
                   A        B        C        D        E       F      G
               +--------+--------+--------+--------+--------+-----+--------+
         Total |   1179 |   1038 |    141 |    127 |    612 |   2 |  589.5 |
       Dungeon |   1179 |   1038 |    141 |    127 |    612 |   2 |  589.5 |
               +--------+--------+--------+--------+--------+-----+--------+

Top non-repeatable levels by time:
     D:1: 913 daAuts
     D:2: 266 daAuts
